AoeStats
← taki英语课睡觉

Arena

510733867Analyzed
3v3 RM · 15h ago on Oct 2, 2026· 48m 29s· 6 players
Game mode
Random Map
Map size
Normal (6 player)
Population
200
Speed
Normal
Resources
Standard
Victory
Conquest
Starting age
Dark Age
Ending age
Imperial Age
RankedLock teamsTeams togetherTeam positionsShared explorationLock speedFull tech treeHidden civsTurbo modeCheats
Victory
Defeat
🇨🇳 Aztecs · China
1305
+15
🇭🇰 Vikings · Hong Kong SAR China
1300
+16
1265
+17
🇧🇷 Burmese · Brazil
1319
-17
🇸🇪 Teutons · Sweden
1302
-16
🇦🇺 Bohemians · Australia
1254
-15
Gustavus Adolphus
4:11 Loom
11:14 Feudal Age
15:24 Castle Age
13:54 Double-Bit Axe
14:25 Horse Collar
16:28 Bow Saw
16:26 Heavy Plow
17:38 Wheelbarrow
19:48 Gold Mining
21:13 Hand Cart
23:43 Stone Mining
25:12 Masonry
29:08 Imperial Age
26:48 Scale Barding Armor
27:55 Forging
28:16 Bloodlines
29:53 Chain Barding Armor
29:40 Cavalier
31:57 Two-Man Saw
31:30 Crop Rotation
31:45 Plate Barding Armor
34:03 Iron Casting
33:44 Paladin
35:55 Scale Mail Armor
36:56 Blast Furnace
36:16 Pikeman
36:56 Squires
37:35 Chain Mail Armor
38:17 Halberdier
40:26 Plate Mail Armor
41:13 Conscription
41:06 Arson
Matt Cash
11:22 Feudal Age
13:08 Double-Bit Axe
15:46 Castle Age
13:45 Horse Collar
16:15 Wheelbarrow
17:27 Bow Saw
22:54 Fervor
23:30 Heavy Plow
24:17 Hand Cart
28:35 Imperial Age
25:51 Town Watch
25:51 Loom
26:15 Pikeman
26:55 Squires
27:05 Wagenburg Tactics
27:24 Scale Mail Armor
28:43 Chemistry
27:54 Masonry
29:09 Forging
29:15 Chain Mail Armor
29:50 Siege Engineers
29:15 Halberdier
30:13 Houfnice
33:50 Iron Casting
33:46 Plate Mail Armor
33:38 Conscription
37:27 Blast Furnace
36:17 Fletching
40:57 Two-Man Saw
46:02 Bodkin Arrow
Johncarter
9:40 Feudal Age
14:34 Castle Age
13:44 Loom
15:42 Gold Mining
18:21 Horse Collar
20:09 Scale Mail Armor
20:08 Man-at-Arms
24:02 Forging
25:48 Long Swordsman
29:07 Wheelbarrow
以前我带你们游牧
10:26 Feudal Age
14:00 Castle Age
12:02 Double-Bit Axe
12:11 Horse Collar
14:51 Bow Saw
14:53 Heavy Plow
20:19 Wheelbarrow
22:28 Hand Cart
24:17 Gold Mining
24:18 Stone Mining
27:56 Imperial Age
28:03 Imperial Age
25:20 Town Watch
25:21 Loom
25:43 Scale Barding Armor
25:48 Forging
26:45 Stone Shaft Mining
26:47 Gold Shaft Mining
26:57 Chain Barding Armor
28:06 Iron Casting
28:59 Plate Barding Armor
29:31 Masonry
29:51 Bloodlines
29:42 Husbandry
31:05 Blast Furnace
30:21 Guilds
30:51 Crop Rotation
31:21 Two-Man Saw
30:10 Elite War Elephant
31:11 Conscription
33:54 Devotion
35:31 Architecture
35:47 Coinage
35:52 Faith
36:34 Fletching
36:59 Citadels
37:49 Banking
38:39 Cavalier
43:48 Chemistry
43:08 Ballistics
42:49 Padded Archer Armor
42:46 Bodkin Arrow
46:36 Light Cavalry
47:34 Leather Archer Armor
48:09 Hussar
Soyo不用學英文
6:28 Loom
8:31 Feudal Age
9:13 Double-Bit Axe
12:00 Horse Collar
16:27 Scale Mail Armor
21:59 Forging
26:01 Castle Age
24:06 Gold Mining
26:10 Eagle Warrior
26:36 Gambesons
27:11 Chain Mail Armor
27:12 Squires
32:26 Imperial Age
32:24 Bow Saw
34:54 Wheelbarrow
38:01 Plate Mail Armor
38:06 Iron Casting
37:55 Garland Wars
37:56 Conscription
40:11 Gold Shaft Mining
40:45 Elite Eagle Warrior
41:13 Arson
42:24 Hand Cart
43:12 Blast Furnace
47:57 Town Watch
taki英语课睡觉
9:50 Feudal Age
14:03 Castle Age
12:32 Double-Bit Axe
13:32 Horse Collar
17:06 Bow Saw
18:01 Loom
20:02 Gold Mining
21:02 Heavy Plow
25:49 Imperial Age
23:23 Loom
23:48 Stone Mining
25:05 Fletching
25:16 Padded Archer Armor
25:06 Crossbowman
26:30 Gold Shaft Mining
25:56 Bodkin Arrow
26:31 Ballistics
26:49 Leather Archer Armor
27:40 Chemistry
27:26 Arbalester
27:41 Capped Ram
28:55 Bracer
33:19 Ring Archer Armor
37:33 Two-Man Saw
37:11 Crop Rotation
38:03 Conscription
37:45 Bogsveigar
43:25 Pikeman
44:05 Squires
43:53 Arson
44:14 Scale Mail Armor
44:25 Forging
45:14 Siege Ram
47:33 Chieftains
Connection lost

Rejoining the realm…

Still unreachable

The connection could not be restored.

Session expired

The server has moved on; the page needs a fresh start.